 Dungeon Crawl Stone Soup version 0.29-a0-1009-g60c99734e7 (webtiles) character file.

Game seed: 9551015253155970604

9479 flotson the Trooper (level 11, -13/83 HPs)
             Began as a Demonspawn Delver on Aug 8, 2022.
             Was an Initiate of Gozag.
             Mangled by a two-headed ogre
             ... wielding a +0 giant spiked club
              (22 damage)
             ... on level 10 of the Dungeon.
             The game lasted 00:21:14 (9407 turns).

flotson the Trooper (Demonspawn Delver)             Turns: 9407, Time: 00:21:16

Health: -13/83     AC: 21    Str: 16    XL:     11   Next: 23%
Magic:  26/26      EV: 14    Int: 13    God:    Gozag
Gold:   1372       SH:  4    Dex: 17    Spells: 6/19 levels left

rFire   . . .      SeeInvis +   a - +12 hammer of Patience {vorpal, rElec Will++ Dex+3}
rCold   . . .      Faith    .   L - orb {light}
rNeg    . . .      Spirit   .   Q - +0 acid dragon scales
rPois   .          Reflect  .   (helmet unavailable)
rElec   +          Harm     +   V - scarf {harm}
rCorr   +          Rampage  .   e - +0 pair of gloves
Will    ++...                   (no boots)
Stlth   +.........              o - amulet of regeneration
HPRegen 1.03/turn               F - ring of wizardry
MPRegen 0.20/turn               K - ring of magical power

@: sanguine armoured, glowing
A: antennae 3, icemail 1, sanguine armour 2, condensation shield, demonic magic
2
a: Renounce Religion, Potion Petition, Call Merchant, Bribe Branch


You were on level 10 of the Dungeon.
You worshipped Gozag.
Gozag was most pleased with you.
You visited 2 branches of the dungeon, and saw 11 of its levels.

You collected 1608 gold pieces.
You spent 120 gold pieces at shops.
You paid 116 gold pieces to Gozag.

Inventory:

Hand Weapons
 a - the +12 hammer of Patience (weapon) {vorpal, rElec Will++ Dex+3}
   (You found it on level 6 of the Dungeon)

   It inflicts extra damage upon your enemies.
   Dex:       It affects your dexterity (+3).
   rElec:     It insulates you from electricity.
   Will:      It greatly increases your willpower.
 q - a +2 war axe of draining
Missiles
 k - 6 atropa-tipped darts
 w - 9 boomerangs
 A - 3 silver boomerangs
 C - 2 datura-tipped darts
 M - 6 poisoned darts
 T - a curare-tipped dart
Armour
 e - a +0 pair of gloves (worn)
 L - an orb of light (worn)
 Q - +0 acid dragon scales (worn)
 V - a scarf of harm (worn)
Jewellery
 h - a ring of ice
 o - an amulet of regeneration (around neck)
 E - a ring of positive energy
 F - a ring of wizardry (left hand)
 J - a +6 ring of intelligence
 K - a ring of magical power (right hand)
 O - a ring of resist corrosion
 R - a ring of fire
Wands
 b - a wand of iceblast (5)
 g - a wand of digging (3)
 y - a wand of charming (2)
 z - a wand of flame (14)
 N - a wand of polymorph (4)
 W - a wand of acid (4)
Scrolls
 c - 2 scrolls of fog
 d - 5 scrolls of magic mapping (quivered)
 f - 2 scrolls of amnesia {unknown}
 l - 4 scrolls of immolation
 p - 3 scrolls of enchant armour {unknown}
 r - 6 scrolls of poison {unknown}
 u - 4 scrolls of identify
 B - 3 scrolls of noise {unknown}
 D - 4 scrolls of teleportation {unknown}
 I - a scroll of silence {unknown}
 S - a scroll of blinking
Potions
 i - a potion of cancellation
 j - a potion of invisibility
 m - 4 potions of heal wounds
 n - a potion of attraction
 s - 7 potions of curing
 t - 2 potions of resistance
 v - 2 potions of flight
 x - a potion of berserk rage
 G - a potion of lignification
 H - 2 potions of might
 P - a potion of haste
 U - a potion of mutation {unknown}


   Skills:
 + Level 6.6 Fighting
 - Level 0.9 Long Blades
 * Level 5.8 Maces & Flails
 - Level 1.7 Polearms
 + Level 4.6 Throwing
 + Level 5.1 Armour
 + Level 5.5 Dodging
 - Level 4.5 Stealth
 + Level 4.5 Spellcasting
 + Level 4.8 Conjurations
 + Level 5.0 Hexes
 + Level 4.2 Translocations
 - Level 1.1 Fire Magic
 + Level 5.5 Evocations


You had 6 spell levels left.
You knew the following spells:

 Your Spells              Type           Power      Damage    Failure   Level
a - Dazzling Flash        Conj/Hex       30%        N/A       4%          3
b - Iskenderun's Mystic   Conj/Tloc      14%        2d5       16%         4
c - Starburst             Conj/Fire      5%         6d4       98%         6

Your spell library contained the following spells:

 Spells                   Type           Power      Damage    Failure   Level
 Borgnjor's Vile Clutch   Necr/Erth      1%         N/A       94%         5
 Death Channel            Necr           1%         N/A       100%        6
 Animate Dead             Necr           Unusable   N/A       N/A         4

Dungeon Overview and Level Annotations

Branches:
Dungeon (10/15)            Temple (1/1) D:5            Lair (0/5) D:9
    Orc (0/2) D:9

Altars:
Ashenzari
Cheibriados
Dithmenos
Fedhas
Gozag
Hepliaklqana
Kikubaaqudgha
Okawaru
Ru
Sif Muna
Trog
Uskayaw
Wu Jian
Yredelemnul

Shops:
D:4 !   D:5 [


Innate Abilities, Weirdness & Mutations

You have a pair of large antennae on your head. (SInv)
A meltable icy envelope protects you from harm. (AC +4)
When seriously injured, your blood forms thick armour. (AC +9)
A meltable shield of frost defends you. (SH +4)
Spells you cast may paralyse nearby enemies.


Message History

You now have 1329 gold pieces (gained 7).
Things that are here:
a +0 dagger; a +0 robe You now have 1355 gold pieces (gained 26).
You see here a +2 hat of intelligence.
You now have 1372 gold pieces (gained 17).
There is an open door here.
There is an open door here.
As you open the door, it creaks loudly!
There is an open door here.
A two-headed ogre comes into view.
It is wielding a +0 giant spiked club and a +0 giant club.
Found a stone staircase leading up.
The two-headed ogre hits you with a +0 giant spiked club!!
Your blood congeals into armour.
The two-headed ogre hits you with a +0 giant club!!
You are too injured to fight recklessly!
You are too injured to fight recklessly!
You are too injured to fight recklessly!
You are too injured to fight recklessly!
You are too injured to fight recklessly!
You are too injured to fight recklessly!
You are too injured to fight recklessly!
You are too injured to fight recklessly!
Unknown command.
Aiming: Iceblast
Press: ? - help, Shift-Dir - straight line, f - two-headed ogre
Aim: a two-headed ogre, wielding a +0 giant spiked club and a +0 giant club (haloed)
The mass of ice explodes!
The iceblast engulfs the two-headed ogre!
The two-headed ogre is moderately wounded.
You hit the two-headed ogre.
The two-headed ogre is heavily wounded.
The two-headed ogre closely misses you. You block the two-headed ogre's attack.
You thump the two-headed ogre!
The two-headed ogre is severely wounded.
The two-headed ogre hits you with a +0 giant spiked club!!
* * * LOW HITPOINT WARNING * * *
The two-headed ogre hits you with a +0 giant club!!
You die...
Your body crumbles into a pile of gold.

.........# #........#
#.... .........#
#........# #....
.....)...# #........#
#.... ##.......#
#........# ##...
.#.......# #.........
#### .#.......#
#......... #...
.#.......# #.........
#... ##.......#
#.O....... #...
.#.......# #.@.......
#... .#.......#
#......... #...
.#.......# #.........
#... .#.......#
#......... #...
.#.......# #.........
#... .#.[.....#
#......... #...
.#.......######.........
#...
.#.......#....#.........
#...
.#.......#....#........
#...


You could see a two-headed ogre.

Vanquished Creatures
  Gastronok (D:10)
  Fannar (D:10)
  A two-headed ogre (D:8)
  Pikel (D:8)
  Maurice (D:9)
  Maggie (D:10)
  Psyche (D:9)
  2 trolls
  A hornet (D:9)
  Grinder (D:4)
  A shadow (D:10)
  Sigmund (D:6)
  A wraith (D:9)
  4 yaks (D:8)
  Menkaure (D:7)
  2 wargs
  A water moccasin (D:8)
  6 orc warriors
  3 ice beasts
  A black bear (D:4)
  A hornet zombie (D:7)
  2 ogres
  A centaur (D:6)
  A phantom (D:3)
  A kobold brigand (D:10)
  Blork the orc (D:6)
  2 scorpions (D:5)
  5 bullfrogs
  11 wights
  A howler monkey (D:6)
  2 bullfrog zombies (D:7)
  2 centaur zombies (D:7)
  2 hounds
  A jelly (D:6)
  A human zombie (D:7)
  4 orc priests (D:9)
  A gnoll bouda (D:6)
  An iron imp (D:3)
  Crazy Yiuf (D:6)
  Jessica (D:3)
  4 iguanas
  9 orc wizards
  3 killer bee zombies (D:7)
  3 mummies (D:7)
  7 gnolls
  9 adders
  A shadow imp (D:6)
  4 white imps
  2 worms
  3 dart slugs (D:3)
  39 orcs
  6 ball pythons
  6 bats
  8 endoplasms
  3 giant cockroaches
  3 goblins
  9 hobgoblins
  6 jackals
  6 quokkas
  3 frilled lizards
  8 kobolds
  A rat (D:2)
217 creatures vanquished.

Vanquished Creatures (others)
  2 kobolds (D:10)
  26 plants (D:4)
28 creatures vanquished.

Grand Total: 245 creatures vanquished

Notes
Turn   | Place    | Note
-------+----------+-------------------------------------------
     0 | D:5      | flotson the Demonspawn Delver began the quest for the Orb.
     0 | D:5      | Reached XP level 1. HP: 18/18 MP: 1/1
   269 | D:4      | Gained mutation: You have a pair of small antennae on your
                  | head. [demonic ancestry]
   269 | D:4      | Reached XP level 2. HP: 16/24 MP: 2/2
   435 | D:4      | Noticed Grinder
   462 | D:3      | Noticed Jessica
   469 | D:3      | Found a snail-covered altar of Cheibriados.
   472 | D:3      | Killed Jessica
   473 | D:3      | Reached skill level 1 in Armour
   473 | D:3      | Reached skill level 1 in Evocations
   473 | D:3      | Reached XP level 3. HP: 19/29 MP: 3/3
   775 | D:2      | Gained mutation: Spells you cast may paralyse adjacent
                  | enemies. [demonic ancestry]
   775 | D:2      | Reached XP level 4. HP: 29/35 MP: 4/4
   857 | D:3      | HP: 1/37 [orc/+0 hand axe (1)]
  1423 | D:1      | Found a faded altar of an unknown god.
  2221 | D:2      | Gained mutation: A meltable shield of frost defends you.
                  | (SH +4) [demonic ancestry]
  2221 | D:2      | Reached XP level 5. HP: 42/42 MP: 5/5
  2731 | D:3      | Learned a level 3 spell: Dazzling Flash
  2866 | D:3      | Reached skill level 4 in Fighting
  2950 | D:3      | Noticed a phantom
  3011 | D:3      | Killed a phantom
  3012 | D:3      | Gained mutation: When seriously injured, your blood forms
                  | armour. (AC +9) [demonic ancestry]
  3012 | D:3      | Reached XP level 6. HP: 48/48 MP: 6/6
  3402 | D:4      | Killed Grinder
  3403 | D:4      | Reached skill level 1 in Maces & Flails
  3403 | D:4      | Reached skill level 1 in Throwing
  3403 | D:4      | Reached skill level 1 in Spellcasting
  3403 | D:4      | Reached skill level 1 in Conjurations
  3403 | D:4      | Reached skill level 1 in Hexes
  3403 | D:4      | Gained mutation: You have a pair of antennae on your head.
                  | [demonic ancestry]
  3403 | D:4      | Reached XP level 7. HP: 46/54 MP: 6/8
  3496 | D:4      | Learned a level 4 spell: Iskenderun's Mystic Blast
  3578 | D:4      | Found Jeshre's Distillery.
  3606 | D:4      | Bought a potion of curing for 36 gold pieces
  3606 | D:4      | Bought a potion of lignification for 36 gold pieces
  3606 | D:4      | Bought a potion of might for 48 gold pieces
  3825 | D:5      | Found a staircase to the Ecumenical Temple.
  3832 | Temple   | Entered the Ecumenical Temple
  3870 | Temple   | Became a worshipper of Gozag Ym Sagoz the Greedy
  4068 | D:5      | Found Pudism's Antique Armour Shop.
  4119 | D:5      | Found a shimmering blue altar of Sif Muna.
  4378 | D:5      | Reached skill level 1 in Translocations
  4779 | D:5      | Gained mutation: When seriously injured, your blood forms
                  | thick armour. (AC +9) [demonic ancestry]
  4779 | D:5      | Reached XP level 8. HP: 57/61 MP: 10/10
  4842 | D:6      | Identified the +8 long sword "Yhucriof" {flame, rElec}
  4846 | D:6      | Noticed Blork the orc
  4965 | D:6      | Killed Blork the orc
  5167 | D:6      | Reached skill level 5 in Fighting
  5311 | D:6      | Noticed Sigmund
  5323 | D:6      | Killed Sigmund
  5415 | D:6      | Found a runed translucent door.
  5416 | D:6      | Noticed Crazy Yiuf
  5418 | D:6      | Identified the +12 hammer of Patience {vorpal, rElec Will++
                  | Dex+3}
  5427 | D:6      | Killed Crazy Yiuf
  5697 | D:7      | Noticed Menkaure
  5701 | D:7      | Killed Menkaure
  5760 | D:7      | Gained mutation: You have a pair of large antennae on your
                  | head. (SInv) [demonic ancestry]
  5760 | D:7      | Reached XP level 9. HP: 46/67 MP: 13/13
  6504 | D:7      | Found an ancient bone altar of Kikubaaqudgha.
  6664 | D:7      | Learned a level 6 spell: Starburst
  6826 | D:8      | Noticed Pikel
  6833 | D:8      | Killed Pikel
  6878 | D:8      | Reached skill level 1 in Fire Magic
  7112 | D:8      | Gained mutation: Spells you cast may paralyse nearby
                  | enemies. [demonic ancestry]
  7112 | D:8      | Reached XP level 10. HP: 76/76 MP: 15/15
  7327 | D:8      | Noticed a two-headed ogre
  7336 | D:8      | Killed a two-headed ogre
  7337 | D:8      | Reached skill level 6 in Fighting
  7337 | D:8      | Reached skill level 5 in Dodging
  7708 | D:9      | Noticed Maurice
  7728 | D:9      | Killed Maurice
  7729 | D:9      | Reached skill level 5 in Evocations
  7741 | D:9      | Reached skill level 5 in Maces & Flails
  7788 | D:9      | Found a staircase to the Lair.
  7895 | D:9      | Noticed Psyche
  7900 | D:9      | Killed Psyche
  7922 | D:9      | Found a blossoming altar of Fedhas.
  7974 | D:9      | Found a basalt altar of Yredelemnul.
  7975 | D:9      | Found a broken altar of Ashenzari.
  8080 | D:9      | Identified the +10 flail "Wiaschog" {vorpal, Drain rElec
                  | rC+}
  8190 | D:9      | Found a staircase to the Orcish Mines.
  8632 | D:10     | Entered Level 10 of the Dungeon
  8830 | D:10     | Noticed Maggie
  8848 | D:10     | Killed Maggie
  8916 | D:10     | Noticed Fannar
  8927 | D:10     | Killed Fannar
  8928 | D:10     | Reached skill level 5 in Armour
  8928 | D:10     | Gained mutation: A meltable icy envelope protects you from
                  | harm. (AC +4) [demonic ancestry]
  8928 | D:10     | Reached XP level 11. HP: 48/83 MP: 17/17
  9173 | D:10     | Noticed Gastronok
  9188 | D:10     | Killed Gastronok
  9189 | D:10     | Reached skill level 5 in Hexes
  9394 | D:10     | Noticed a two-headed ogre
  9407 | D:10     | Mangled by a two-headed ogre

Illustrated notes

Levels and vault maps discovered:
D:1:      lemuel_arrival_hallway, layout_loops_ring, basic_ecumenical_altar,
          serial_park_tiny_1
D:2:      kennysheep_six_static_rooms, layout_rooms, minmay_misc_feat_chi,
          hangedman_decor_points
D:3:      layout_loops_cross, slow_altar_1, chequers_serial_rivers_micro_c,
          minmay_joined_circles, uniq_jessica
D:4:      layout_loops_ring, serial_shops, nicolae_shop_advertising_works
          [nicolae_subvault_shop_adworks], mrwooster_statue_mirror,
          kennysheep_boxes, uniq_grinder
D:5:      layout_cave_pods, kennysheep_orc_sif_temple, minmay_temple_entry_tees,
          serial_shops, nicolae_shop_overgrown_old_shop
D:6:      layout_cave_pools, serial_column_ruins, column_ruins_square_small,
          column_ruins_hut, column_ruins_grid_1, column_ruins_corridor_corner,
          column_ruins_open_medium_water, column_ruins_columns_T,
          column_ruins_grid_1, column_ruins_corridor_straight,
          column_ruins_open_tiny, uniq_sigmund, uniq_crazy_yiuf_cottage,
          uniq_blork_the_orc
D:7:      layout_layer_cave, lemuel_mausoleum_altar_kikubaaqudgha, uniq_menkaure
D:8:      layout_cave_pods, uniq_pikel
D:9:      layout_loops_ring, mainiacjoe_overflow_six_doors_small,
          chequers_temple_overflow_statue_of_worship, erik_lair_orcish_takeover,
          david_orc_5, uniq_psyche, uniq_maurice
D:10:     layout_gridville, uniq_gastronok, uniq_erolcha, uniq_maggie,
          uniq_fannar
Temple:   nicolae_temple_elliptical

Skill      XL: |  1  2  3  4  5  6  7  8  9 10 11 |
---------------+----------------------------------+-----
Dodging        | 2 3 4 5 |  5.5
Armour         | 1 2 3 4 5 |  5.1
Evocations     | 1 2 3 4 5 |  5.5
Fighting       | 4 5 6 |  6.6
Maces & Flails | 1 2 4 5 |  5.8
Throwing       | 1 2 3 4 |  4.6
Spellcasting   | 1 2 3 4 |  4.5
Conjurations   | 1 2 3 4 |  4.8
Hexes          | 1 2 3 4 5 |  5.0
Translocations | 1 2 3 4 |  4.2
Fire Magic     | 1 |  1.1
Long Blades    | |  0.9
Polearms       | |  1.7
Stealth        | |  4.5

Action                   |  1- 3 |  4- 6 |  7- 9 | 10-12 || total
-------------------------+-------+-------+-------+-------++-------
Melee: Spear             |     5 |       |       |       ||     5
       Morningstar       |    19 |   144 |       |       ||   163
       Flail             |       |    82 |   100 |       ||   182
       Punch             |       |     1 |       |       ||     1
       Long sword        |       |       |    23 |       ||    23
       Mace              |       |       |    99 |   172 ||   271
Throw: Dart              |       |       |     5 |    15 ||    20
       Boomerang         |       |       |       |     4 ||     4
 Cast: Dazzling Flash    |       |       |     3 |       ||     3
Evoke: Wand              |       |       |     5 |     6 ||    11
  Use: Scroll            |     1 |     3 |       |     8 ||    12
       Potion            |       |     1 |       |     1 ||     2
 Stab: Sleeping          |     2 |     9 |     3 |     1 ||    15
       Paralysed         |       |       |     1 |       ||     1
       Distracted        |       |       |       |     1 ||     1
Armor: Ring mail         |     4 |   122 |    65 |    52 ||   243
       Acid dragon scale |       |       |       |    17 ||    17
Dodge: Dodged            |    20 |   162 |   166 |   111 ||   459
Block: Other             |       |    27 |       |       ||    27
       Orb               |       |     7 |    45 |    29 ||    81

Table legend: (Time is in decaauts)
 A = Elapsed time spent in this place.
 B = Non-inter-level travel time spent in this place.
 C = Inter-level travel time spent in this place.
 D = Time resting spent in this place.
 E = Time spent auto-exploring this place.
 F = Levels seen in this place.
 G = Mean time per level.
                   A        B        C        D        E       F      G
               +--------+--------+--------+--------+--------+-----+--------+
         Total |   9595 |   9219 |    376 |    613 |   6539 |  11 |  872.3 |
       Dungeon |   9540 |   9180 |    360 |    613 |   6516 |  10 |  954.0 |
        Temple |     54 |     38 |     16 |      0 |     23 |   1 |   54.0 |
               +--------+--------+--------+--------+--------+-----+--------+

Top non-repeatable levels by time:
     D:5: 1389 daAuts
     D:3: 1134 daAuts
     D:7: 1125 daAuts
     D:9: 987 daAuts
     D:8: 943 daAuts
     D:2: 880 daAuts
     D:1: 827 daAuts
     D:4: 792 daAuts
    D:10: 779 daAuts
     D:6: 681 daAuts
  Temple: 54 daAuts
